 Dungeon Crawl Stone Soup version 0.24.0-13-gcf9b319 (webtiles) character file.

Game seed: 16691094638064867285, levelgen mode: deterministic

620 Fang the Skirmisher (level 7, 0/44 HPs)
             Began as a Gargoyle Berserker on Nov 18, 2019.
             Was a Believer of Trog.
             Slain by a phantom (4 damage)
             ... on level 4 of the Dungeon.
             The game lasted 00:03:06 (3124 turns).

Fang the Skirmisher (Gargoyle Berserker)            Turns: 3124, Time: 00:03:07

Health: 0/44       AC: 14    Str: 26    XL:     7   Next: 46%
Magic:  7/7        EV:  9    Int:  8    God:    Trog [**....]
Gold:   243        SH:  0    Dex:  9    Spells: 6/6 levels left

rFire    . . .     SeeInvis .   a - +0 hand axe
rCold    . . .     Gourm    .   (no shield)
rNeg     + . .     Faith    .   b - +0 chain mail
rPois    ∞         Spirit   .   (no helmet)
rElec    +         Reflect  .   (no cloak)
rCorr    .         Harm     .   (no gloves)
MR       ++...                  (no boots)
Stlth    ..........             (no amulet)
HPRegen  1.14/turn              h - +4 ring of strength
MPRegen  0.10/turn              j - ring of stealth

@: regenerating
A: negative energy resistance 1, electricity resistance, unbreathing,
petrification resistance, rot immunity, AC +4
a: Berserk, Trog's Hand, Renounce Religion


You were on level 4 of the Dungeon.
You worshipped Trog.
Trog was pleased with you.
You were hungry.

You visited 1 branch of the dungeon, and saw 4 of its levels.

You collected 243 gold pieces.

Inventory:

Hand Weapons
 a - a +0 hand axe (weapon)
Armour
 b - a +0 chain mail (worn)
Jewellery
 h - a +4 ring of strength (left hand)
 j - a ring of stealth (right hand)
Scrolls
 e - 2 scrolls of magic mapping {unknown}
 g - a scroll of enchant armour {unknown}
 l - a scroll of fear {unknown}
 m - a scroll of enchant weapon {unknown}
 o - 3 scrolls of identify {unknown}
 p - a scroll of remove curse {unknown}
 r - a scroll of amnesia {unknown}
Potions
 d - 2 potions of heal wounds {unknown}
 f - 3 potions of haste {unknown}
 i - 3 potions of curing {unknown}
 k - a potion of might {unknown}
 n - 2 potions of ambrosia {unknown}
Comestibles
 c - 5 rations
 q - 5 chunks of flesh


   Skills:
 + Level 5.4 Fighting
 + Level 4.4 Axes
 + Level 4.7 Armour
 + Level 3.4 Dodging


You had 6 spell levels left.
You didn't know any spells.
Your spell library was empty.

Dungeon Overview and Level Annotations

Branches:
Dungeon (4/15)
 Temple: D:4-7

Altars:
Cheibriados
Kikubaaqudgha
Okawaru
Sif Muna
Zin
The Shining One

Shops:
D:3 *   D:4 %


Innate Abilities, Weirdness & Mutations

You are resistant to torment.
Your stone body is resilient. (AC +4)
You are immune to poison.
You resist negative energy. (rN+)
You are resistant to electric shocks. (rElec)
You can survive without breathing.
You are immune to petrification.
You are immune to rotting.


Message History

Your skin stops crawling.
You feel less resistant to hostile enchantments.
The phantom hits you.
* * * LOW HITPOINT WARNING * * *
The phantom blinks!
Things that are here:
a +0 trident; a +0 ring mail
Things that are here:
a +0 trident; a +0 ring mail There isn't anything to butcher here.
Your skin crawls.
You feel resistant to hostile enchantments.
You are feeling hungry.
The phantom blinks!
The phantom hits you.
* * * LOW HITPOINT WARNING * * *
The phantom blinks!
Found a stone staircase leading down and a stone staircase leading up.
The phantom hits you.
You die...

##...####.# .. #
##.## #.## . .#
...# #..##. .#
###.# #..#.# ..#
#.#####..#(#####.#
.........#)#.....#
#######.)).)..###
###.......#
#......@..#
#.#.....W.#
#.##....#.# #
#....#.# #.#.##.#
#.#.# .# .<>. ##
##


You could see a phantom.

Vanquished Creatures
  A hippogriff (D:3)
  An ogre (D:4)
  A hound (D:4)
  An iguana (D:4)
  2 orc wizards
  A worker ant (D:4)
  3 gnolls (D:3)
  8 adders
  2 oozes (D:1)
  6 worms
  2 dart slugs
  4 leopard geckos
  11 orcs
  2 ball pythons
  3 giant cockroaches
  9 goblins
  11 hobgoblins
  4 kobolds
  A quokka (D:3)
  8 bats
  5 frilled lizards
  A leopard gecko skeleton (D:4)
  3 rats
90 creatures vanquished.

Notes
Turn   | Place    | Note
-------+----------+-------------------------------------------
     0 | D:1      | Fang the Gargoyle Berserker began the quest for the Orb.
     0 | D:1      | Reached XP level 1. HP: 14/14 MP: 1/1
   125 | D:1      | Reached XP level 2. HP: 12/19 MP: 2/2
   568 | D:1      | Reached XP level 3. HP: 15/23 MP: 3/3
  1098 | D:2      | Reached XP level 4. HP: 24/29 MP: 4/4
  1244 | D:2      | Reached ** piety under Trog
  1285 | D:2      | Found a snail-covered altar of Cheibriados.
  1289 | D:2      | Found a shimmering blue altar of Sif Muna.
  1328 | D:2      | Reached skill level 4 in Fighting
  1386 | D:2      | Found an iron altar of Okawaru.
  1434 | D:2      | Found a glowing golden altar of the Shining One.
  1488 | D:3      | Noticed a hippogriff
  1496 | D:3      | Killed a hippogriff
  1496 | D:3      | Reached XP level 5. HP: 14/34 MP: 5/5
  1496 | D:3      | Reached XP level 6. HP: 16/39 MP: 6/6
  1868 | D:3      | Found Zin's Purification Station.
  1870 | D:3      | Found a glowing silver altar of Zin.
  2200 | D:3      | Reached skill level 5 in Fighting
  2323 | D:3      | Found an ancient bone altar of Kikubaaqudgha.
  2467 | D:4      | Found Deiteig's Food Emporium.
  2506 | D:4      | Reached XP level 7. HP: 26/44 MP: 7/7
  3094 | D:4      | Reached *** piety under Trog
  3114 | D:4      | HP: 2/44 [phantom (5)]
  3122 | D:4      | HP: 2/44 [phantom (6)]
  3124 | D:4      | Slain by a phantom

Levels and vault maps discovered:
D:1:      dpeg_arrival_boxorama, layout_rooms
D:2:      layout_rooms, marbit_many_paths, minitemple,
          nicolae_tso_swordbearing_angel
D:3:      layout_loops_cross, lemuel_doored_altar, zin_purify
D:4:      layout_loops_ring, first_ration, serial_shops, shop,
          grunt_ministairs_9, uniq_sigmund

Skill      XL: |  1  2  3  4  5  6 |
---------------+-------------------+-----
Axes           | 3 4 |  4.4
Dodging        | 2 3 |  3.4
Armour         | 3 4 |  4.7
Fighting       | 4 5 |  5.4

Action                   |  1- 3 |  4- 6 |  7- 9 || total
-------------------------+-------+-------+-------++-------
Melee: Hand axe          |    85 |   177 |    79 ||   341
Invok: Berserk           |     1 |     4 |     1 ||     6
       Trog's Hand       |       |     2 |     2 ||     4
 Stab: Sleeping          |     3 |     6 |       ||     9
  Eat: Chunk             |     2 |     8 |     4 ||    14
Armor: Animal skin       |    28 |    77 |       ||   105
       Chain mail        |       |    26 |    65 ||    91
Dodge: Dodged            |    65 |   136 |    43 ||   244
